 Dungeon Crawl Stone Soup version 0.31.0-32-g396128a36d (webtiles) character file.

Game seed: 3514184635166908774

32485 MollyMolluskus the Fencer (level 13, -1/98 HPs)
             Began as an Octopode Fighter on Apr 1, 2024.
             Was an Elder of Wu Jian.
             Killed from afar by a swamp worm (3 damage)
             ... with a harpoon shot
             ... on level 2 of the Lair of Beasts on Apr 2, 2024.
             The game lasted 00:55:47 (13969 turns).

MollyMolluskus the Fencer (Octopode Fighter)       Turns: 13969, Time: 00:55:49

Health: -1/98      AC: 13    Str: 27    XL:     13   Next: 64%
Magic:  13/13      EV: 15    Int: 10    God:    Wu Jian [****..]
Gold:   504        SH: 10    Dex: 11    Spells: 12/12 levels left

rFire   + + .        a - +7 Throatcutter {drain, coup de grace}
rCold   + + .        n - +2 shield of Resistance {rF++ rC++ Will++}
rNeg    . . .        (helmet restricted)
rPois   .            K - amulet of regeneration
rElec   .            p - +4 ring of protection
rCorr   .            q - ring of see invisible
SInv    +            y - +4 ring of protection
Will    +++..        J - +4 ring of protection
Stlth   ++++         L - +6 ring of strength
HPRegen 1.16/turn    (no ring)
MPRegen 0.13/turn    (no ring)
                     (no ring)

%: no passive effects
@: lethally poisoned (-1 -> -9), enlightened, flying (expiring), slowed,
studying Dodging, very slow
A: almost no armour, amphibious, 8 rings, camouflage 1, gelatinous body 1,
(nimble swimmer 1), tentacles
a: Renounce Religion, Wall Jump, Serpent's Lash


You were on level 2 of the Lair of Beasts.
You worshipped Wu Jian.
Wu Jian was greatly pleased with you.
You visited 3 branches of the dungeon, and saw 15 of its levels.
You also visited: Sewer.

You collected 1003 gold pieces.
You spent 499 gold pieces at shops.

Inventory:

Hand Weapons
 a - the +7 Throatcutter (weapon) {drain, coup de grace}
   (You found it on level 3 of the Dungeon)
 b - a +3 scimitar of flaming
 v - a +2 dagger of draining
Missiles
 e - 31 poisoned darts
 h - 10 javelins
 j - 12 boomerangs (quivered)
 H - a throwing net
Armour
 n - the +2 shield of Resistance (worn) {rF++ rC++ Will++}
   (You found it on level 9 of the Dungeon)

   rF++:      It greatly protects you from fire.
   rC++:      It greatly protects you from cold.
   Will++:    It greatly increases your willpower.
Jewellery
 p - a +4 ring of protection (left tentacle)
 q - a ring of see invisible (right tentacle)
 y - a +4 ring of protection (on tentacle)
 J - a +4 ring of protection (on tentacle)
 K - an amulet of regeneration (around mantle)
 L - a +6 ring of strength (on tentacle)
Talismans
 i - a blade talisman
Wands
 d - a wand of flame (65)
 m - a wand of charming (5)
 C - a wand of mindburst (2)
 D - a wand of quicksilver (16)
 E - a wand of polymorph (23)
 G - a wand of roots (6)
 I - a wand of digging (3)
Scrolls
 f - 5 scrolls of fog
 o - 5 scrolls of fear
 s - 3 scrolls of blinking
 t - 4 scrolls of poison
 A - 6 scrolls of revelation
 B - a scroll of immolation
 M - a scroll of silence
 N - 3 scrolls of teleportation
 O - a scroll of enchant armour
Potions
 c - 2 potions of curing
 g - 7 potions of haste
 k - a potion of ambrosia
 l - 5 potions of enlightenment
 r - 4 potions of resistance
 w - a potion of invisibility
 x - 2 potions of mutation
 z - 2 potions of attraction
 F - a potion of lignification


   Skills:
 + Level 12.4 Fighting
 * Level 16.2 Long Blades
 + Level 8.7 Dodging
 + Level 5.2 Stealth
 + Level 4.6 Shields
 - Level 4.0 Unarmed Combat
 + Level 4.7 Evocations


You had 12 spell levels left.
You didn't know any spells.
Your spell library contained the following spells:

 Spells                   Type           Power      Damage    Failure   Level
 Apportation              Tloc           0%         N/A       58%         1
 Freeze                   Ice            0%         1d3       58%         1
 Necrotise                Necr           0%         1d4       58%         1
 Call Imp                 Summ           0%         N/A       73%         2
 Cigotuvi's Dreadful Rot  Necr/Alch/Air  0%         N/A       73%         2
 Ensorcelled Hibernation  Hex/Ice        0%         N/A       73%         2
 Jinxbite                 Hex            0%         N/A       73%         2
 Mercury Vapours          Alch/Air       0%         N/A       73%         2
 Static Discharge         Conj/Air       0%         3-3/arc   73%         2
 Sublimation of Blood     Necr           0%         N/A       73%         2
 Dazzling Flash           Conj/Hex       0%         N/A       91%         3
 Frozen Ramparts          Ice            0%         1d1       91%         3
 Hailstorm                Conj/Ice       0%         3d5       91%         3
 Mephitic Cloud           Conj/Alch/Air  0%         N/A       91%         3
 Passwall                 Erth           0%         N/A       91%         3
 Swiftness                Air            0%         N/A       91%         3
 Vampiric Draining        Necr           0%         2d6       91%         3
 Volatile Blastmotes      Fire/Tloc      0%         2d10      91%         3
 Airstrike                Air            0%         2d(0-16)  100%        4
 Dispel Undead            Necr           0%         3d6       100%        4
 Flame Wave               Conj/Fire      0%         2d4       100%        4
 Fulminant Prism          Conj/Alch      0%         3d5       100%        4
 Iskenderun's Mystic Bla  Conj/Tloc      0%         2d3       100%        4
 Martyr's Knell           Necr/Summ      0%         N/A       100%        4
 Summon Lightning Spire   Summ/Air       0%         N/A       100%        4
 Alistair's Intoxication  Alch           0%         N/A       100%        5
 Curse of Agony           Necr           0%         N/A       100%        5
 Freezing Cloud           Conj/Ice/Air   0%         6-21      100%        5
 Silence                  Hex/Air        0%         N/A       100%        5
 Yara's Violent Unravell  Hex/Alch       0%         3d3       100%        5
 Death Channel            Necr           0%         N/A       100%        6
 Summon Hydra             Summ           0%         N/A       100%        7


Dungeon Overview and Level Annotations

Branches:
Dungeon (12/15)            Temple (1/1) D:7            Lair (2/5) D:8
  Snake (0/4) Lair:2          Orc (0/2) D:11          Sewer (visited)
  Swamp: Lair:2-3    Shoals: Lair:2-3

Altars:
Ashenzari
Cheibriados
Dithmenos
Elyvilon
Fedhas
Gozag
Hepliaklqana
Kikubaaqudgha
Makhleb
Nemelex Xobeh
Okawaru
Qazlal
Ru
Sif Muna
Trog
Uskayaw
Vehumet
Wu Jian
Xom
Yredelemnul
Zin
The Shining One

Shops:
D:5 ?!=   D:8 [   D:9 [

Annotations:
D:9 1 runed translucent door
D:10 2 transporters
Lair:2 1 transporter


Innate Abilities, Weirdness & Mutations

You cannot wear most types of armour.
You are amphibious.
You can wear up to eight rings at the same time.
Your skin changes colour to match your surroundings (Stealth+).
Your rubbery body absorbs attacks. (AC +1, EV +1)
((You are camouflaged when in or above water. (Stealth+)))
You have tentacles for arms and can constrict up to eight enemies at once.


Message History

You kill the swamp worm!
The Council accepts your kill.
The swamp worm fires a harpoon shot at you.
The harpoon shot hits you!
You are yanked forward by the harpoon shot.
You collide with the briar patch!
The briar patch is severely damaged.
* * * LOW HITPOINT WARNING * * *
You feel much better.
Careful!
You are starting to lose your buoyancy.
The swamp worm fires a harpoon shot at you.
You block the harpoon shot.
Aiming: Mindburst
Press: ? - help, Shift-Dir - straight line, f - you
Okay, then.
Unknown command.
You are struck by the briar patch's thorns.
You slash the briar patch! You drain the briar patch.
You destroy the briar patch!
The swamp worm fires a harpoon shot at you.
The harpoon shot hits you.
You are yanked forward by the harpoon shot.
You collide with the briar patch!
The briar patch is almost destroyed.
* * * LOW HITPOINT WARNING * * *
Unknown command.
You reach down and open the door.
You are engulfed in dark miasma.
You are poisoned.
You feel yourself slow down.
* * * LOW HITPOINT WARNING * * *
You feel very sick.
The swamp worm fires a harpoon shot at you.
The harpoon shot misses you.
You feel better.
You are engulfed in dark miasma.
You are poisoned.
* * * LOW HITPOINT WARNING * * *
x2 You feel extremely sick.
The swamp worm fires a harpoon shot at you.
The harpoon shot hits you.
You die...

....<........#...#...............
.............##..#...............
#................P...............
###..............................
##.....#########...............
###...##w#♣#†##....#..........
##.##≈≈≈≈#≈≈####...........#
#..#PPPPP☼P.#$[#.#....^....#
#.©#©^^^^^^@'[©#©...........
##.#PP.P○PPP#?=#.#.#........
#..##§§§#≈§≈####.########... #
##..#♣#.#♣#w#.....# #.##. #
#P.#########..##.# ##### #
###..........##### # ######....##
# ##..## ### # #....# ##P.


You could see 2 swamp worms.

Vanquished Creatures
  Azrael (D:12)
  2 fire dragons (D:9)
  2 ice dragons (D:9)
  Erolcha (D:12)
  4 skeletal warriors (D:12)
  Pikel (D:7)
  5 deep elf pyromancers
  2 deep elf archers (D:9)
  A harpy (shapeshifter) (D:9)
  2 ugly things (D:12)
  Maurice (D:7)
  2 manticores
  A salamander (Lair:2)
  2 cyclopes
  A rust devil (D:12)
  5 elephants (Lair:2)
  3 black mambas
  A gargoyle (D:11)
  A komodo dragon (Lair:1)
  2 kobold demonologists
  An unseen horror (D:10)
  3 unseen horror zombies (D:9)
  Maggie (D:6)
  Jeremiah (D:9)
  3 red devils (D:12)
  A polar bear (shapeshifter) (D:9)
  2 trolls
  Prince Ribbit (D:6)
  A raiju (shapeshifter) (D:9)
  Grinder (D:6)
  5 blink frogs (Lair:1)
  2 wyverns
  2 shadows
  A wraith (D:11)
  12 yaks
  A fire elemental (D:12)
  4 fire bats (D:9)
  A warg (shapeshifter) (D:10)
  Grum (D:8)
  2 basilisks
  A hog (shapeshifter) (D:9)
  A neqoxec (D:12)
  2 steam dragons (D:9)
  5 vampire mosquitoes (D:12)
  A naga (Lair:2)
  2 swamp worms (Lair:2)
  5 hell hounds (D:12)
  2 acid dragons
  2 water moccasins (Lair:1)
  9 ice beasts
  5 orc warriors
  An ogre (D:5)
  4 black bears
  A sky beast (D:9)
  3 wolves (D:8)
  A centaur (D:11)
  2 lemures (D:7)
  A kobold brigand (Sewer)
  A phantom (D:7)
  5 bullfrogs
  A scorpion (D:5)
  A gnoll sergeant (D:10)
  3 necrophages (D:9)
  7 wights
  3 killer bees (D:7)
  3 electric eels (D:6)
  3 howler monkeys
  2 bombardier beetles (D:5)
  2 centaur zombies (D:9)
  2 quasits (D:12)
  A human zombie (D:9)
  2 hounds
  7 orc priests
  2 jellies
  3 iron imps (D:3)
  Jessica (D:2)
  Ijyb (D:2)
  Natasha (thrice) (D:3)
  6 iguanas
  15 orc wizards
  2 mummies (D:9)
  9 gnolls
  9 adders
  4 river rats (Sewer)
  2 white imps
  2 ufetubi (D:7)
  2 dart slugs
  2 ribbon worms
  22 orcs
  9 bats
  5 endoplasms
  A giant cockroach (D:2)
  11 goblins
  4 hobgoblins
  9 jackals
  A quokka (D:1)
  6 ball pythons
  3 frilled lizards
  23 kobolds
  29 rats
363 creatures vanquished.

Notes
Turn   | Place    | Note
-------+----------+-------------------------------------------
     0 | D:1      | MollyMolluskus the Octopode Fighter began the quest for the
                  | Orb.
     0 | D:1      | Reached XP level 1. HP: 16/16 MP: 1/1
   226 | D:1      | Reached XP level 2. HP: 21/21 MP: 2/2
   415 | D:1      | Reached skill level 1 in Stealth
   751 | D:1      | Reached XP level 3. HP: 25/26 MP: 3/3
  1187 | D:2      | Noticed Jessica
  1203 | D:2      | Killed Jessica
  1204 | D:2      | Reached XP level 4. HP: 12/31 MP: 4/4
  1366 | D:2      | Reached XP level 5. HP: 23/36 MP: 5/5
  1710 | D:2      | Noticed Ijyb
  1728 | D:2      | Killed Ijyb
  1927 | D:3      | Found the +7 Throatcutter {drain, coup de grace}
  1986 | D:3      | Got the Volume of the Spellbinding Barrage
  2191 | D:3      | Found a burning altar of Makhleb.
  2204 | D:3      | Reached skill level 1 in Long Blades
  2204 | D:3      | Reached XP level 6. HP: 43/43 MP: 6/6
  2280 | D:3      | Found a hide-covered altar of Uskayaw.
  2404 | D:3      | Noticed Natasha
  2411 | D:3      | Killed Natasha
  2419 | D:3      | Found a sacrificial altar of Ru.
  2637 | D:3      | Noticed Natasha
  2647 | D:3      | Killed Natasha
  2792 | D:3      | Noticed Natasha
  2796 | D:3      | Killed Natasha
  2948 | D:4      | Reached skill level 2 in Long Blades
  2978 | D:4      | Reached XP level 7. HP: 41/48 MP: 7/7
  2998 | D:4      | Found a glowing drain.
  3012 | Sewer    | Entered a sewer
  3188 | Sewer    | Reached skill level 3 in Long Blades
  3761 | D:4      | Found a shadowy altar of Dithmenos.
  3989 | D:5      | Entered Level 5 of the Dungeon
  4122 | D:5      | Found Niute's Distillery.
  4130 | D:5      | Bought a potion of enlightenment for 55 gold pieces
  4130 | D:5      | Bought a potion of attraction for 33 gold pieces
  4157 | D:5      | Found Gepp's Magic Scroll Shop.
  4175 | D:5      | Reached skill level 4 in Long Blades
  4177 | D:5      | Bought a scroll of noise for 15 gold pieces
  4299 | D:5      | Reached XP level 8. HP: 54/54 MP: 8/8
  4344 | D:5      | Reached skill level 5 in Fighting
  4350 | D:5      | Reached skill level 5 in Dodging
  4689 | D:5      | Found Zunaupli's Jewellery Shop.
  4707 | D:5      | Reached skill level 5 in Long Blades
  4975 | D:6      | Noticed a wyvern
  4982 | D:6      | Killed a wyvern
  5006 | D:6      | Found a transporter.
  5025 | D:6      | Found a transporter.
  5028 | D:6      | Noticed Prince Ribbit
  5042 | D:6      | Killed Prince Ribbit
  5043 | D:6      | Reached skill level 6 in Long Blades
  5251 | D:6      | Noticed a yak
  5254 | D:6      | Noticed a yak
  5268 | D:6      | Killed a yak
  5269 | D:6      | Reached XP level 9. HP: 62/62 MP: 9/9
  5303 | D:6      | Reached skill level 7 in Long Blades
  5309 | D:6      | Noticed Grinder
  5319 | D:6      | Killed Grinder
  5512 | D:6      | Noticed Maggie
  5520 | D:6      | Killed Maggie
  5521 | D:6      | Reached skill level 8 in Long Blades
  5899 | D:7      | Identified the +8 quarterstaff of the Vanishing Ghosts
                  | {holy, ^Contam Fly rPois SInv}
  5950 | D:7      | Noticed Pikel
  5965 | D:7      | Killed Pikel
  5966 | D:7      | Reached skill level 1 in Evocations
  5966 | D:7      | Reached XP level 10. HP: 65/71 MP: 10/10
  6079 | D:6      | Reached skill level 9 in Long Blades
  6188 | D:7      | Found an opulent altar of Gozag.
  6231 | D:7      | Found a staircase to the Ecumenical Temple.
  6237 | Temple   | Entered the Ecumenical Temple
  6249 | Temple   | Became a worshipper of the Wu Jian Council
  6298 | D:7      | Noticed Maurice
  6303 | D:7      | Killed Maurice
  6364 | D:7      | Found the +16 obsidian axe {drain, demonic, Mesm ^Drain Fly
                  | SInv}
  6872 | D:8      | Found Jaritohod's Armour Shoppe.
  6905 | D:8      | Noticed a kobold demonologist
  6918 | D:8      | Killed a kobold demonologist
  6961 | D:8      | Found a radiant altar of Vehumet.
  6961 | D:8      | Found a blossoming altar of Fedhas.
  6968 | D:8      | Found a broken altar of Ashenzari.
  6971 | D:8      | Found a shimmering blue altar of Sif Muna.
  6973 | D:8      | Found a glowing golden altar of the Shining One.
  6978 | D:8      | Found an ancient bone altar of Kikubaaqudgha.
  7052 | D:8      | Noticed Grum
  7058 | D:8      | Killed Grum
  7067 | D:8      | Reached skill level 10 in Long Blades
  7434 | D:8      | Found a staircase to the Lair.
  7661 | D:8      | Found a glowing silver altar of Zin.
  7804 | D:9      | Noticed a fire dragon
  7810 | D:9      | Noticed an ice dragon
  7828 | D:9      | Found a snail-covered altar of Cheibriados.
  7869 | D:9      | Found Fac Hug's Armour Boutique.
  7879 | D:9      | Found a runed translucent door.
  7913 | D:9      | Noticed an ice dragon
  7916 | D:9      | Found the +2 shield of Resistance {rF++ rC++ Will++}
  7919 | D:9      | Noticed a fire dragon
  7921 | D:9      | Found a runed translucent door.
  7951 | D:9      | Reached * piety under Wu Jian
  7957 | D:9      | Reached XP level 11. HP: 78/78 MP: 11/11
  8120 | D:9      | Noticed a deep elf pyromancer
  8120 | D:9      | Noticed a deep elf pyromancer
  8144 | D:9      | Killed a deep elf pyromancer
  8145 | D:9      | Reached skill level 11 in Long Blades
  8145 | D:9      | Killed a deep elf pyromancer
  8252 | D:9      | Noticed a deep elf archer
  8264 | D:9      | Killed a deep elf archer
  8291 | D:9      | Noticed a deep elf pyromancer
  8295 | D:9      | Killed a deep elf pyromancer
  8429 | D:9      | Noticed a deep elf archer
  8443 | D:9      | Killed a deep elf archer
  8444 | D:9      | Reached skill level 12 in Long Blades
  8645 | D:9      | Noticed a skyshark
  8645 | D:9      | Noticed a deep elf pyromancer
  8650 | D:9      | Killed a deep elf pyromancer
  8656 | D:9      | a skyshark changed into a polar bear
  8731 | D:9      | a warg changed into a harpy
  8731 | D:9      | Noticed a harpy (shapeshifter)
  8735 | D:9      | Killed a harpy
  8735 | D:9      | Reached ** piety under Wu Jian
  8967 | D:9      | Noticed Jeremiah
  9033 | D:9      | Killed Jeremiah
  9034 | D:9      | Reached skill level 10 in Fighting
  9293 | D:5      | Bought a +6 ring of strength for 396 gold pieces
  9416 | D:10     | Entered Level 10 of the Dungeon
  9524 | D:10     | Found a transporter.
  9528 | D:10     | Found a transporter.
  9530 | D:10     | Found a transporter.
  9531 | D:10     | Found a transporter.
  9844 | D:9      | Found a basalt altar of Yredelemnul.
  9854 | D:9      | Reached skill level 13 in Long Blades
  9854 | D:9      | Reached XP level 12. HP: 84/87 MP: 12/12
 10001 | D:10     | Found a sparkling altar of Nemelex Xobeh.
 10062 | D:10     | Found a white marble altar of Elyvilon.
 10563 | D:11     | Identified a scroll of acquirement
 10563 | D:11     | Acquired a manual of Dodging
 10585 | D:11     | Found a staircase to the Orcish Mines.
 10621 | D:11     | Found a glowing golden altar of the Shining One.
 11078 | D:9      | Killed an ice dragon
 11099 | D:9      | Killed an ice dragon
 11100 | D:9      | Reached skill level 14 in Long Blades
 11106 | D:9      | Killed a fire dragon
 11106 | D:9      | Reached *** piety under Wu Jian
 11107 | D:9      | HP: 3/90 [fire dragon/blast of flame (60)]
 11115 | D:9      | Killed a fire dragon
 11614 | D:12     | Reached skill level 15 in Long Blades
 11667 | D:12     | Reached XP level 13. HP: 42/96 MP: 13/13
 12054 | D:12     | Noticed Azrael
 12076 | D:12     | Killed Azrael
 12182 | D:12     | Noticed Erolcha
 12189 | D:12     | Reached **** piety under Wu Jian
 12192 | D:12     | Killed Erolcha
 12547 | Lair:1   | Entered Level 1 of the Lair of Beasts
 12550 | Lair:1   | Found the +7 hand cannon "Mule" {flame, backblast, rF+}
 12726 | Lair:1   | Reached skill level 16 in Long Blades
 13123 | Lair:2   | Found a transporter.
 13213 | Lair:2   | Reached skill level 5 in Stealth
 13644 | Lair:2   | Found a transporter.
 13760 | Lair:2   | Found a staircase to the Snake Pit.
 13969 | Lair:2   | HP: 2/98 [poison (dark miasma)]
 13969 | Lair:2   | Killed from afar by a swamp worm

Illustrated notes

Levels and vault maps discovered:
D:1:      dpeg_arrival_ratfight, layout_loops_ring,
          chequers_serial_rivers_small_a, minmay_hexomino_f4
D:2:      kennysheep_the_goblin_king, layout_loops_ring, bh_walls_and_bars,
          uniq_jessica
D:3:      layout_basic, demons_altar, nicolae_overflow_hidden_temple,
          nicolae_ru_awakened_eye, dilly_guarded_unrand_throatcut, uniq_natasha
D:4:      layout_loops_ring, grunt_dithmenos_smoke,
          cheibrodos_sewer_entry_sluice, minivault_26, hangedman_decor_growths
D:5:      layout_basic, serial_shops, nicolae_shop_peninsula, shop, shop,
          hangedman_decor_peaks_small
D:6:      gammafunk_steamed_eel, layout_gridville, uniq_prince_ribbit1,
          uniq_grinder, uniq_maggie
D:7:      layout_gridville, nicolae_gozag_seed_capital,
          minmay_temple_entry_enclosed_plants, minmay_door_square, uniq_maurice,
          uniq_pikel
D:8:      layout_loops_corners, zin_scriptorium,
          nicolae_overflow_hallway_of_the_gods, lair_entry_dummy, serial_shops,
          shop, minmay_chambers_of_fives, uniq_grum
D:9:      dpeg_index_elf_rogue_hall, layout_cross,
          lemuel_mausoleum_altar_yredelemnul, slow_altar_1, serial_shops,
          nicolae_shop_tiny_glass, minmay_guarded_unrand_resistance,
          uniq_jeremiah
D:10:     layout_loops_ring, nemelex_xobeh_ov_fountains_minmay,
          nicolae_overflow_crystal_walls, nicolae_diode_intersection
D:11:     layout_stronghold, orc_0_dummy, nicolae_tso_carved_into_rock
D:12:     layout_loops_corners, serial_demonic, serial_demonic_f,
          serial_demonic_c, serial_demonic_d, serial_demonic_b, uniq_erolcha,
          uniq_azrael
Temple:   nicolae_temple_stand_before_the_council
Lair:1:   layout_cellular_growth, serial_bayou_pond_e, serial_bayou_shore_b
Lair:2:   gammafunk_worm_tunnel, layout_cave_pods, alex1729_snake_entry_snake,
          serial_bayou_shore_b

Skill      XL: |  1  2  3  4  5  6  7  8  9 10 11 12 13 |
---------------+----------------------------------------+-----
Stealth        | 1 2 3 4 5 |  5.2
Unarmed Combat | 3 4 |  4.0
Long Blades    | 1 2 4 6 8 10 13 15 16 | 16.2
Fighting       | 4 5 7 8 10 11 12 | 12.4
Dodging        | 4 5 7 8 |  8.7
Shields        | 4 |  4.6
Evocations     | 1 4 |  4.7

Action                     |  1- 3 |  4- 6 |  7- 9 | 10-12 | 13-15 || total
---------------------------+-------+-------+-------+-------+-------++-------
  Melee: Unarmed           |    73 |    58 |       |       |       ||   131
         Constrict         |    19 |    25 |    30 |    49 |    18 ||   141
         Tentacles         |    15 |    16 |    27 |    83 |    35 ||   176
         Punch             |     1 |     5 |     6 |    14 |     8 ||    34
         Long sword        |       |    26 |   166 |   367 |   198 ||   757
  Throw: Boomerang         |     1 |     5 |     4 |     8 |       ||    18
         Javelin           |       |     3 |       |       |       ||     3
Ability: Lunge             |       |       |       |    61 |    14 ||    75
         Whirlwind         |       |       |       |    14 |    24 ||    38
         Wall Jump         |       |       |       |     1 |     6 ||     7
  Evoke: Wand              |       |       |     7 |    11 |     2 ||    20
    Use: Scroll            |     5 |     6 |     7 |    10 |     2 ||    30
         Potion            |       |       |     1 |     8 |     6 ||    15
   Stab: Sleeping          |    10 |     9 |    12 |    34 |     6 ||    71
         Distracted        |     1 |     1 |       |       |     1 ||     3
         Invisible         |       |       |       |     2 |       ||     2
 Armour: Skin              |    30 |    22 |    68 |   166 |   108 ||   394
  Dodge: Dodged            |    31 |    30 |   112 |   150 |    63 ||   386
  Block: Buckler           |    11 |    14 |    36 |    71 |       ||   132
         Reflection        |       |       |       |     1 |       ||     1
         Kite shield       |       |       |       |    13 |    75 ||    88
